 Dungeon Crawl Stone Soup version 0.28-b1-25-g9875b3fc8c (webtiles) character file.

Game seed: 13148213347248219455

1 sanka the Magician (level 1, 0/11 HPs)
             Began as a Deep Elf Transmuter on Feb 7, 2022.
             Slain by a ball python (2 damage)
             ... on level 1 of the Dungeon.
             The game lasted 00:00:09 (15 turns).

sanka the Magician (Deep Elf Transmuter)              Turns: 15, Time: 00:00:09

Health: 0/11       AC:  2    Str:  7    XL:     1   Next: 16%
Magic:  6/6        EV:  9    Int: 17    God:
Gold:   0          SH:  0    Dex: 15    Spells: 5/6 levels left

rFire   . . .      SeeInvis .     - Unarmed
rCold   . . .      Faith    .   (no shield)
rNeg    . . .      Spirit   .   a - +0 robe
rPois   .          Reflect  .   (helmet currently unavailable)
rElec   .          Harm     .   (no cloak)
rCorr   .          Rampage  .   (no gloves)
Will    .....                   (boots currently unavailable)
Stlth   +.........              (no amulet)
HPRegen 0.03/turn               (no ring)
MPRegen 0.10/turn               (no ring)

@: appendages (expiring), constricted
A: horns 2, talons 2
a: End Transformation


You were on level 1 of the Dungeon.
You had temporarily grown beastly horns and talons.
You visited 1 branch of the dungeon, and saw 1 of its levels.

Inventory:

Armour
 a - a +0 robe (worn)


   Skills:
 - Level 0.7 Fighting
 - Level 2.4 Dodging
 - Level 2.4 Unarmed Combat
 + Level 3.1 Spellcasting
 - Level 2.1 Transmutations


You had 5 spell levels left.
You knew the following spells:

 Your Spells              Type           Power      Damage    Failure   Level
a - Beastly Appendage     Tmut           20%        N/A       7%          1

Your spell library contained the following spells:

 Spells                   Type           Power      Damage    Failure   Level
 Wereblood                Tmut           10%        N/A       11%         2
 Spider Form              Tmut/Pois      6%         N/A       32%         3
 Ice Form                 Ice/Tmut       6%         N/A       73%         4


Dungeon Overview and Level Annotations

Branches:
Dungeon (1/15)

Altars:


Innate Abilities, Weirdness & Mutations

You have temporarily grown beastly horns and talons.


Message History

There is an open door here.
You grow a pair of large bovine horns.
Your feet morph into talons.
A bat comes into view.
A ball python comes into view.
A rat comes into view.
A hobgoblin comes into view.
The hobgoblin shouts!
You barely miss the bat. Your kick misses the bat.
The bat hits you but does no damage.
You barely miss the bat. The bat misses you.
You barely miss the hobgoblin. You claw the hobgoblin.
You headbutt the hobgoblin.
The hobgoblin is almost dead.
The bat closely misses you. The bat hits you. The hobgoblin hits you.
Unknown command.
The ball python barely misses you. The ball python grabs you.
The ball python constricts you.
There is an open door here.
You escape the ball python's grasp.
The bat barely misses you. The bat completely misses you.
You hit the bat but do no damage. Your punch misses the bat.
The bat closely misses you.
You closely miss the ball python. You punch the ball python.
The ball python is severely wounded.
The bat hits you. The ball python bites you. The ball python grabs you.
The ball python constricts you. The ball python bites you.
* * * LOW HITPOINT WARNING * * *
The ball python constricts you.
You are too injured to fight recklessly!
You are too injured to fight recklessly!
You are too injured to fight recklessly!
You hit the bat.
You kill the bat!
Your transformation is almost over.
The ball python barely misses you. The ball python constricts you.
* * * LOW HITPOINT WARNING * * *
Unknown command.
You hit the ball python but do no damage.
Your kick misses the ball python.
The ball python is severely wounded.
The ball python bites you.
You die...

# ###........
###............
#..............
....#.........
..##.....g......
......#..r......
.......r........
######S####....
#....@†.# .
#.8.8.8.#
#.......#
+.8.<.8.+
#.......#
#.8.8.8.#
#.......#
####+####


You could see a ball python and a rat.

Vanquished Creatures
  A bat (D:1)
1 creature vanquished.

Notes
Turn   | Place    | Note
-------+----------+-------------------------------------------
     0 | D:1      | sanka the Deep Elf Transmuter began the quest for the Orb.
     0 | D:1      | Reached XP level 1. HP: 11/11 MP: 6/6
    15 | D:1      | Slain by a ball python

Illustrated notes

Levels and vault maps discovered:
D:1:      doesnt_arrival_eight_statues, layout_rooms,
          shapermc_ecumenical_altar_mp_ritualfount, serial_bayou_crossing

Action                   || total
-------------------------++-------
Melee: Unarmed           ||     7
       Kick              ||     1
       Headbutt          ||     1
       Punch             ||     1
 Cast: Beastly Appendage ||     1
Armor: Robe              ||     1
Dodge: Dodged            ||     7
